 Dungeon Sprint DCSS version 0.27-a0-1177-g245c70e1c0 (webtiles) character file.

Game seed: 8557860901543520476

25559 fozzywoppz the Black Belt (level 12, 0/103 HPs)
             Began as a Demonspawn Monk on May 17, 2021.
             Was a High Priest of Okawaru.
             Slain by an ettin
             ... wielding a +0 dire flail
              (25 damage)
             ... in the Dungeon (Sprint IX: "|||||||||||||||||||||||||||||").
             The game lasted 00:14:00 (2190 turns).

fozzywoppz the Black Belt (Demonspawn Monk)         Turns: 2190, Time: 00:14:01

Health: 0/103      AC: 18    Str: 15    XL:     12   Next: 90%
Magic:  18/19      EV: 14    Int: 13    God:    Okawaru [*****.]
Gold:   956        SH:  7    Dex: 19    Spells: 11/11 levels left

rFire    + + .     SeeInvis .     - Unarmed
rCold    . . .     Faith    .   c - +0 buckler
rNeg     . . .     Spirit   .   p - +2 plate armour {rF+}
rPois    .         Reflect  .   (helmet restricted)
rElec    .         Harm     .   r - scarf {repulsion}
rCorr    .         Rampage  .   (no gloves)
Will     .....     NoTele   +   (boots unavailable)
Stlth    ..........             (no amulet)
HPRegen  2.27/turn              j - +3 ring of strength
MPRegen  0.16/turn              t - ring of protection from fire

@: heroic, repel missiles
A: antennae 1, claws 2, hooves 3, powered by death 1
a: Renounce Religion, Heroism, Finesse


You were in the Dungeon.
You worshipped Okawaru.
Okawaru was extremely pleased with you.
You visited 1 branch You collected 1816 gold pieces.
You spent 860 gold pieces at shops.

Inventory:

Hand Weapons
 w - the +3 hand crossbow "X" {venom, rF+ rC+}
   (You found it in the Dungeon)

   It poisons the ammo it fires.
   It protects you from fire.
   It protects you from cold.
Armour
 c - a +0 buckler (worn)
 p - a +2 plate armour of fire resistance (worn)
 r - a scarf of repulsion (worn)
 B - the +1 acid dragon scales "Lemy" {Regen+ rCorr Int+2}
   (You found it in the Dungeon)

   It affects your intelligence (+2).
   It increases your rate of health regeneration.
   It protects you from acid and corrosion.
Jewellery
 j - a +3 ring of strength (left claw)
 k - a +3 ring of strength
 t - a ring of protection from fire (right claw)
 v - a ring of protection from cold
Scrolls
 g - 2 scrolls of blinking
 h - 5 scrolls of amnesia
 l - 3 scrolls of identify
 o - 6 scrolls of enchant armour
 y - 2 scrolls of enchant weapon
 A - a scroll of fear
Potions
 a - 6 potions of heal wounds
 b - 4 potions of curing
 d - 4 potions of haste
 e - 4 potions of magic
 f - a potion of invisibility
 i - a potion of berserk rage
 m - a potion of mutation
 q - 2 potions of brilliance
 x - a potion of resistance
 z - a potion of might


   Skills:
 + Level 12.8(17.8) Fighting
 - Level 10.0(15.0) Armour
 + Level 17.4(22.4) Dodging
 - Level 2.0(7.0) Stealth
 - Level 4.0(9.0) Shields
 + Level 18.5(23.5) Unarmed Combat
 - Level 10.0 Invocations


You had 11 spell levels left.
You didn't know any spells.
Your spell library contained the following spells:

 Spells                   Type           Power      Damage    Failure   Level
 Foxfire                  Conj/Fire      0%         2x1d4     100%        1
 Conjure Flame            Conj/Fire      0%         6-21      100%        3
 Inner Flame              Hex/Fire       0%         N/A       100%        3
 Sticky Flame             Conj/Fire      0%         2d3       100%        4
 Fireball                 Conj/Fire      0%         3d3       100%        5


Dungeon Overview and Level Annotations

Branches:
Dungeon (1/1)

Altars:
Cheibriados
Dithmenos
Elyvilon
Fedhas
Gozag
Hepliaklqana
Kikubaaqudgha
Makhleb
Nemelex Xobeh
Okawaru
Qazlal
Ru
Sif Muna
Trog
Uskayaw
Vehumet
Wu Jian
Xom
Yredelemnul
Zin
The Shining One
Beogh
Jiyva
Lugonu

Shops:
D (!(:


Innate Abilities, Weirdness & Mutations

You have a pair of small antennae on your head.
You have very sharp fingernails.
You have hooves in place of feet.
You regenerate a little health from kills.


Message History

You kill the deep troll earth mage!
Okawaru accepts your kill.
A tengu warrior comes into view. It is wielding a +0 long sword.
Your claws slow down.
The tengu warrior shouts!
You block the ball python simulacrum's attack.
The ball python simulacrum closely misses you.
The tengu warrior moves out of view.
A stone giant comes into view.
You scratch the ball python simulacrum.
The ball python simulacrum is moderately damaged.
You block the ball python simulacrum's attack.
The ball python simulacrum barely misses you.
You scratch the ball python simulacrum.
The ball python simulacrum is severely damaged.
The ball python simulacrum bites you but does no damage.
The ball python simulacrum constricts you but does no damage.
You scratch the ball python simulacrum.
The ball python simulacrum vapourises!
Unknown command.
You claw the ettin!
The ettin is lightly wounded.
The ettin hits you with a +0 dire flail!!
You block the ettin's attack.
You claw the ettin! You kick the ettin, but do no damage.
The ettin is moderately wounded.
You claw the ettin! You kick the ettin!
The ettin is severely wounded.
The ettin hits you but does no damage. The ettin closely misses you.
You scratch the ettin. You kick the ettin, but do no damage.
The ettin is severely wounded.
The ettin hits you with a +0 dire flail!!
The ettin hits you with a +0 dire flail.
You mangle the ettin!!
You kill the ettin!
Okawaru accepts your kill.
The ettin hits you with a +0 dire flail!!
* * * LOW HITPOINT WARNING * * *
The ettin hits you with a +0 dire flail!!
You die...

▓.▓.▓)▓.▓.▓.▓_▓
▓.▓.▓.▓.▓†▓.▓'▓
▓(▓.▓)▓.▓†▓.▓.▓
▓)▓.▓)▓.▓†▓.▓.▓
▓.▓.▓)▓.▓†▓.▓)▓
▓)▓.▓.▓.▓†▓.▓.▓
▓)▓.▓∩▓.▓.▓.▓[▓
▓.▓.▓)▓.▓.▓.▓.▓
▓@▓.▓∩▓.▓.▓.▓.▓
▓C▓.▓)▓.▓.▓.▓.▓
▓T▓.▓∩▓.▓.▓.▓.▓
▓C▓.▓.▓.▓.▓.▓'▓
▓Q▓.▓∩▓.▓(▓.▓)▓
▓.▓.▓)▓.▓)▓.▓.▓
▓.▓.▓.▓.▓'▓.▓.▓
▓.▓.▓.▓.▓.▓.▓†▓
{▓.▓.▓.▓.▓.▓.▓


You could see a stone giant, an ettin, a tengu warrior and a deep troll earth
mage.

Vanquished Creatures
  An ettin (D)
  3 hydras (D)
  A boulder beetle (D)
  4 centaur warriors (D)
  8 orc high priests (D)
  A tengu warrior (D)
  A death yak (D)
  A deep troll earth mage (D)
  2 deep elf pyromancers (D)
  8 orc knights (D)
  A cyclops (D)
  An ugly thing (D)
  A manticore (D)
  Joseph (D)
  A guardian serpent (shapeshifter) (D)
  A black mamba (D)
  A torpor snail (D)
  6 cane toads (D)
  5 komodo dragons (D)
  A rime drake (D)
  A blink frog (D)
  A wraith (D)
  A yak (D)
  4 vampire mosquitoes (D)
  Grum (D)
  2 water moccasins (D)
  An acid dragon (D)
  10 orc warriors (D)
  An ogre (D)
  3 wolves (D)
  2 bullfrogs (D)
  A wight (D)
  6 orc priests (D)
  A hound (D)
  An iguana (D)
  2 orc wizards (D)
  5 orcs (D)
  A bat (D)
  A bat zombie (D)
  A hobgoblin (D)
  A ball python (D)
  A ball python simulacrum (D)
  A ball python skeleton (D)
  A giant cockroach zombie (D)
  A quokka zombie (D)
  2 rats (D)
102 creatures vanquished.

Notes
Turn   | Place    | Note
-------+----------+-------------------------------------------
     0 | D        | fozzywoppz the Demonspawn Monk began the quest for the Orb.
     0 | D        | Reached XP level 1. HP: 18/18 MP: 1/1
    12 | D        | Reached skill level 3 in Unarmed Combat
    28 | D        | Noticed a hound
    28 | D        | Noticed an ogre
    28 | D        | Noticed an iguana
    33 | D        | Killed a hound
    34 | D        | Reached skill level 4 in Unarmed Combat
    34 | D        | Gained mutation: You have large cloven feet. [demonic
                  | ancestry]
    34 | D        | Reached XP level 2. HP: 25/26 MP: 2/2
    34 | D        | Gained mutation: You regenerate a little health from kills.
                  | [demonic ancestry]
    34 | D        | Reached XP level 3. HP: 29/31 MP: 3/3
    38 | D        | Killed an ogre
    39 | D        | Reached skill level 5 in Fighting
    39 | D        | Reached skill level 6 in Unarmed Combat
    39 | D        | Reached XP level 4. HP: 35/39 MP: 4/4
    42 | D        | Gained mutation: You have sharp fingernails. [demonic
                  | ancestry]
    42 | D        | Reached XP level 5. HP: 43/44 MP: 5/5
    60 | D        | Found a snail-covered altar of Cheibriados.
    60 | D        | Found a shadowy altar of Dithmenos.
    60 | D        | Found a blossoming altar of Fedhas.
    60 | D        | Found an opulent altar of Gozag.
    61 | D        | Found a hazy altar of Hepliaklqana.
    62 | D        | Found a viscous altar of Jiyva.
    63 | D        | Found an ancient bone altar of Kikubaaqudgha.
    64 | D        | Found a corrupted altar of Lugonu.
    65 | D        | Found a burning altar of Makhleb.
    66 | D        | Found a sparkling altar of Nemelex Xobeh.
    67 | D        | Found an iron altar of Okawaru.
    68 | D        | Found a stormy altar of Qazlal.
    69 | D        | Found a sacrificial altar of Ru.
    70 | D        | Found a shimmering blue altar of Sif Muna.
    71 | D        | Found a bloodstained altar of Trog.
    72 | D        | Found a hide-covered altar of Uskayaw.
    73 | D        | Found a radiant altar of Vehumet.
    74 | D        | Found an ornate altar of the Wu Jian Council.
    81 | D        | Found a shimmering altar of Xom.
    83 | D        | Became a worshipper of Warmaster Okawaru
    83 | D        | Reached * piety under Okawaru
    83 | D        | Reached ** piety under Okawaru
    85 | D        | Found a basalt altar of Yredelemnul.
   158 | D        | Noticed an acid dragon
   158 | D        | Noticed a wraith
   164 | D        | Killed an acid dragon
   165 | D        | Reached skill level 7 in Unarmed Combat
   171 | D        | Reached skill level 5 in Invocations
   171 | D        | Gained mutation: You have a pair of small antennae on your
                  | head. [demonic ancestry]
   171 | D        | Reached XP level 6. HP: 15/51 MP: 4/10
   179 | D        | Killed a wraith
   180 | D        | Reached skill level 8 in Unarmed Combat
   199 | D        | Noticed a vampire mosquito
   199 | D        | Noticed a centaur warrior
   199 | D        | Noticed a boulder beetle
   199 | D        | Noticed a centaur warrior
   199 | D        | Noticed a manticore
   199 | D        | Noticed a deep elf pyromancer
   207 | D        | Killed a vampire mosquito
   208 | D        | Reached skill level 9 in Unarmed Combat
   208 | D        | Reached XP level 7. HP: 41/56 MP: 4/13
   212 | D        | Killed a centaur warrior
   212 | D        | Reached *** piety under Okawaru
   213 | D        | Reached skill level 10 in Dodging
   213 | D        | Reached skill level 10 in Unarmed Combat
   213 | D        | Reached skill level 10 in Invocations
   213 | D        | Gained mutation: You have hoof-like feet. [demonic
                  | ancestry]
   213 | D        | Reached XP level 8. HP: 49/62 MP: 5/15
   216 | D        | Killed a centaur warrior
   216 | D        | Reached **** piety under Okawaru
   216 | D        | Reached ***** piety under Okawaru
   217 | D        | Reached skill level 11 in Unarmed Combat
   219 | D        | Killed a deep elf pyromancer
   220 | D        | Reached skill level 12 in Unarmed Combat
   220 | D        | Reached XP level 9. HP: 23/68 MP: 5/16
   230 | D        | Killed a boulder beetle
   231 | D        | Reached skill level 13 in Unarmed Combat
   235 | D        | Killed a manticore
   386 | D        | Noticed a cane toad
   386 | D        | Noticed a komodo dragon
   386 | D        | Noticed a komodo dragon
   386 | D        | Noticed a komodo dragon
   386 | D        | Noticed a komodo dragon
   388 | D        | Killed a cane toad
   389 | D        | Reached skill level 1 in Shields
   391 | D        | Noticed a komodo dragon
   394 | D        | Killed a komodo dragon
   395 | D        | Reached XP level 10. HP: 50/74 MP: 10/17
   402 | D        | Noticed a black mamba
   411 | D        | Reached ****** piety under Okawaru
   412 | D        | Reached skill level 14 in Unarmed Combat
   419 | D        | Received a gift from Okawaru
   422 | D        | Killed a black mamba
   588 | D        | Noticed a cane toad
   588 | D        | Noticed a seven-headed hydra
   588 | D        | Noticed a cane toad
   588 | D        | Noticed a torpor snail
   590 | D        | Killed a cane toad
   591 | D        | Reached skill level 1 in Armour
   591 | D        | Noticed a six-headed hydra
   596 | D        | Noticed a death yak
   599 | D        | Killed a seven-headed hydra
   600 | D        | Reached skill level 15 in Dodging
   600 | D        | Reached skill level 15 in Unarmed Combat
   602 | D        | Killed a cane toad
   644 | D        | Killed a torpor snail
   645 | D        | Reached skill level 5 in Armour
   650 | D        | Killed a six-headed hydra
   651 | D        | Gained mutation: You have very sharp fingernails. [demonic
                  | ancestry]
   651 | D        | Reached XP level 11. HP: 60/79 MP: 15/18
   655 | D        | Killed a death yak
   675 | D        | Reached skill level 16 in Unarmed Combat
   914 | D        | Noticed Grum
   924 | D        | Killed Grum
  1030 | D        | Noticed an orc knight
  1047 | D        | Killed an orc knight
  1101 | D        | Noticed an orc knight
  1156 | D        | Killed an orc knight
  1184 | D        | Noticed an orc high priest
  1192 | D        | Killed an orc high priest
  1300 | D        | Received a gift from Okawaru
  1592 | D        | Found Wooma's Weapon Emporium.
  1592 | D        | Noticed an orc knight
  1592 | D        | Noticed an orc high priest
  1592 | D        | Noticed an orc high priest
  1592 | D        | Noticed an orc high priest
  1592 | D        | Noticed an orc high priest
  1593 | D        | Noticed a sun demon
  1602 | D        | Killed an orc knight
  1605 | D        | Killed an orc high priest
  1609 | D        | Found Xakkukh's Distillery.
  1609 | D        | Noticed an orc knight
  1610 | D        | Noticed an orc high priest
  1612 | D        | Killed an orc high priest
  1613 | D        | Reached skill level 10 in Armour
  1613 | D        | Reached skill level 17 in Unarmed Combat
  1613 | D        | Noticed an orc knight
  1616 | D        | Killed an orc high priest
  1617 | D        | Found Luojiarch's Weapon Emporium.
  1619 | D        | Noticed an orc knight
  1621 | D        | Killed an orc high priest
  1622 | D        | Gained mutation: You have hooves in place of feet. [demonic
                  | ancestry]
  1622 | D        | Reached XP level 12. HP: 60/97 MP: 13/19
  1624 | D        | Noticed an orc high priest
  1628 | D        | Found Nyallow's Book Shoppe.
  1628 | D        | Noticed an orc high priest
  1637 | D        | Killed an orc high priest
  1638 | D        | Reached skill level 10 in Fighting
  1663 | D        | Killed an orc high priest
  1684 | D        | Killed an orc high priest
  1725 | D        | Bought a potion of berserk rage for 55 gold pieces
  1725 | D        | Bought a potion of haste for 110 gold pieces
  1725 | D        | Bought a potion of heal wounds for 55 gold pieces
  1725 | D        | Bought 2 potions of haste for 220 gold pieces
  1729 | D        | Bought a book of Flames for 420 gold pieces
  1956 | D        | Noticed Joseph
  1968 | D        | Killed Joseph
  2031 | D        | Got the +3 hand crossbow "X" {venom, rF+ rC+}
  2075 | D        | Got the +1 acid dragon scales "Lemy" {Regen+ rCorr Int+2}
  2123 | D        | Noticed a tengu warrior
  2123 | D        | Noticed a four-headed hydra
  2140 | D        | Noticed a centaur warrior
  2148 | D        | Noticed a centaur warrior
  2151 | D        | Reached skill level 18 in Unarmed Combat
  2157 | D        | Killed a tengu warrior
  2162 | D        | Killed a four-headed hydra
  2162 | D        | Noticed a deep troll earth mage
  2167 | D        | Killed a centaur warrior
  2168 | D        | Noticed an ettin
  2171 | D        | Killed a centaur warrior
  2171 | D        | Received a gift from Okawaru
  2171 | D        | Noticed an ettin
  2175 | D        | Noticed a deep troll earth mage
  2178 | D        | Killed a deep troll earth mage
  2179 | D        | Noticed a tengu warrior
  2180 | D        | Noticed a stone giant
  2189 | D        | Killed an ettin
  2190 | D        | Slain by an ettin

Illustrated notes

Levels and vault maps discovered:
D:        linesprint [early_d, line_temple, items_1, d_10, items_2, lair_1,
          lair_end, items_3, orc_1, orc_end, items_4, d_15, swamp_1, shoals_1,
          snake_1, spider_1, d_20, vaults_1, items_5, swamp_end, shoals_end,
          snake_end, spider_end, vaults_end, d_27, items_6, zot_1, zot_end,
          crypt_end, forest_end, elf_end, slime_end, tomb_end, abyss_end,
          pan_hell_end]

Skill      XL: |  1  2  3  4  5  6  7  8  9 10 11 12 |
---------------+-------------------------------------+-----
Stealth        | 2 |  2.0
Unarmed Combat | 4 6 7 9 10 12 13 15 17 18 | 18.5
Dodging        | 4 6 7 9 10 12 13 15 17 | 17.4
Fighting       | 4 5 9 12 | 12.8
Invocations    | 5 8 10 | 10.0
Shields        | 3 4 |  4.0
Armour         | 6 10 | 10.0

Action                   |  1- 3 |  4- 6 |  7- 9 | 10-12 || total
-------------------------+-------+-------+-------+-------++-------
Melee: Unarmed           |    22 |    30 |    29 |   293 ||   374
       Kick              |       |    10 |     9 |    86 ||   105
       Punch             |       |     1 |     5 |       ||     6
Invok: Heroism           |       |     3 |     1 |     9 ||    13
       Finesse           |       |       |     2 |     9 ||    11
Evoke: Wand              |       |     2 |     1 |     7 ||    10
  Use: Potion            |     1 |     1 |     2 |     3 ||     7
       Scroll            |       |       |     1 |     2 ||     3
 Stab: Sleeping          |     1 |       |       |       ||     1
Armor: Robe              |     1 |       |       |       ||     1
       Chain mail        |       |     9 |     9 |       ||    18
       Plate armour      |       |       |       |    41 ||    41
Dodge: Dodged            |    15 |    23 |    17 |    64 ||   119
Block: Buckler           |       |       |       |    31 ||    31

Table legend: (Time is in decaauts)
 A = Elapsed time spent in this place.
 B = Non-inter-level travel time spent in this place.
 C = Inter-level travel time spent in this place.
 D = Time resting spent in this place.
 E = Time spent auto-exploring this place.
 F = Levels seen in this place.
 G = Mean time per level.
                   A        B        C        D        E       F      G
               +--------+--------+--------+--------+--------+-----+--------+
         Total |   1992 |   1992 |      0 |    766 |      0 |   1 | 1992.0 |
       Dungeon |   1992 |   1992 |      0 |    766 |      0 |   1 | 1992.0 |
               +--------+--------+--------+--------+--------+-----+--------+

Top non-repeatable levels by time:
       D: 1992 daAuts
